 Dungeon Crawl Stone Soup version 0.27.1-2-g3b301248ec (webtiles) character file.

Game seed: 17322525344838719474

8 nxtlvl the Firebug (level 2, -2/19 HPs)
             Began as a Formicid Fire Elementalist on Sept 23, 2021.
             Killed by divine providence
             ... invoked by an orc priest
              (11 damage)
             ... on level 4 of the Dungeon.
             The game lasted 00:02:44 (218 turns).

nxtlvl the Firebug (Formicid Fire Elementalist)      Turns: 218, Time: 00:02:45

Health: -2/19      AC:  4    Str: 12    XL:     2   Next: 15%
Magic:  0/5        EV: 12    Int: 14    God:
Gold:   10         SH:  0    Dex: 17    Spells: 4/5 levels left

rFire    . . .     SeeInvis +   a - +0 dagger
rCold    . . .     Faith    .   (no shield)
rNeg     . . .     Spirit   .   c - +0 robe
rPois    .         Reflect  .   (helmet unavailable)
rElec    .         Harm     .   (no cloak)
rCorr    .         Rampage  .   d - +1 pair of gloves
Will     .....                  (no boots)
Stlth    ++........             (no amulet)
HPRegen  0.06/turn              p - +6 ring of dexterity
MPRegen  0.09/turn              (no ring)

@: no status effects
A: permanent stasis, dig shafts and tunnels, antennae 3, four strong arms
a: Dig, Shaft Self


You were on level 4 of the Dungeon.
You visited 1 branch of the dungeon, and saw 4 of its levels.

You collected 10 gold pieces.

Inventory:

Hand Weapons
 a - a +0 dagger (weapon)
Armour
 c - a +0 robe (worn)
 d - a +1 pair of gloves (worn)
Jewellery
 p - a +6 ring of dexterity (left hand)
Scrolls
 b - a scroll of enchant weapon {unknown}


   Skills:
 - Level 1.7 Dodging
 - Level 2.4 Stealth
 + Level 2.3 Spellcasting
 * Level 1.3 Conjurations
 * Level 3.2 Fire Magic


You had 4 spell levels left.
You knew the following spells:

 Your Spells              Type           Power      Damage    Failure   Level
z - Foxfire               Conj/Fire      32%        2x1d5     9%          1

Your spell library contained the following spells:

 Spells                   Type           Power      Damage    Failure   Level
 Shock                    Conj/Air       12%        1d3       17%         1
 Conjure Flame            Conj/Fire      8%         6-21      26%         3
 Inner Flame              Hex/Fire       6%         N/A       34%         3
 Sticky Flame             Conj/Fire      8%         2d3       65%         4
 Airstrike                Air            0%         N/A       92%         4
 Fireball                 Conj/Fire      4%         3d4       94%         5
 Swiftness                Air            Unusable   N/A       N/A         3

Dungeon Overview and Level Annotations

Branches:
Dungeon (4/15)
 Temple: D:4-7

Altars:


Innate Abilities, Weirdness & Mutations

You cannot be hasted, slowed, berserked, paralysed or teleported.
You can dig through walls and to a lower floor.
You have a pair of large antennae on your head. (SInv)
Your four strong arms can wield two-handed weapons with a shield.


Message History

Confirm with . or Enter, or press ? or * to list all spells.
You conjure some foxfire!
The foxfire hits the iguana but does no damage.
The iguana is lightly wounded.
Your foxfire is smitten.
Casting: Foxfire (safe; 9% risk of failure)
Confirm with . or Enter, or press ? or * to list all spells.
You conjure some foxfire!
The foxfire hits the iguana but does no damage.
The iguana is lightly wounded.
The foxfire hits the iguana.
The iguana is heavily wounded.
Casting: Foxfire (safe; 9% risk of failure)
Confirm with . or Enter, or press ? or * to list all spells.
You conjure some foxfire!
The foxfire hits the iguana but does no damage.
The iguana is heavily wounded.
The foxfire hits the iguana.
The iguana is severely wounded.
An orc priest comes into view. It is wielding a +0 dagger.
An orc comes into view. It is wielding a +0 war axe.
You closely miss the iguana.
The iguana is severely wounded.
The foxfire hits the iguana but does no damage.
The iguana is severely wounded.
The foxfire hits the iguana but does no damage.
The iguana is severely wounded.
The iguana barely misses you.
The orc priest calls down the wrath of Beogh upon you.
Beogh smites you!
Ouch! That really hurt!
You hear a shout!
Are you sure you want to shaft yourself?
The iguana closely misses you.
You begin to dig a shaft.
You continue digging a shaft.
The iguana closely misses you.
The orc priest calls down the wrath of Beogh upon you.
Beogh smites you!
Ouch! That really hurt!
You die...

# .....># #.
#...#.##
.##.##o.....###
.............
#...ooo...#
###........#
.^.........#
#...l...#
#...@...#
#.......#
#####.### ..{
###


You could see an iguana, 2 orc priests, an orc wizard and an orc.

Vanquished Creatures
  A giant cockroach (D:1)
  2 hobgoblins (D:1)
  3 ball pythons
  A kobold (D:1)
  A rat (D:1)
8 creatures vanquished.

Vanquished Creatures (others)
  30 foxfires
30 creatures vanquished.

Grand Total: 38 creatures vanquished

Notes
Turn   | Place    | Note
-------+----------+-------------------------------------------
     0 | D:1      | nxtlvl the Formicid Fire Elementalist began the quest for
                  | the Orb.
     0 | D:1      | Reached XP level 1. HP: 13/13 MP: 3/3
    26 | D:1      | Reached skill level 1 in Conjurations
   106 | D:1      | Reached XP level 2. HP: 19/19 MP: 0/5
   218 | D:4      | Killed from afar by an orc priest

Illustrated notes

Levels and vault maps discovered:
D:1:      amcnicky_arrival_double_pillar, layout_loops_corners,
          columned_hall_lemuel, st_stairs_5
D:2:      layout_loops_corners, chequers_ecumenical_altar_simple,
          serial_bayou_crossing
D:3:      layout_basic, serial_curves, eino_curves_03, eino_curves_01,
          roderic_lattice_a
D:4:      layout_loops_corners, jmf_multi_god_temple,
          cheibrodos_sewer_entry_bend, uniq_ijyb, uniq_natasha, uniq_menkaure

Skill      XL: |  1 |
---------------+----+-----
Conjurations   | 1 |  1.3
Dodging        | |  1.7
Stealth        | |  2.4
Spellcasting   | |  2.3
Fire Magic     | |  3.2

Action                   || total
-------------------------++-------
Melee: Dagger            ||     4
       Unarmed           ||     1
 Cast: Foxfire           ||    17
 Abil: Dig               ||     4
       Shaft Self        ||     1
Dodge: Dodged            ||     4
